 Dungeon Crawl Stone Soup version 0.26.0-3-g156281e41b (webtiles) character file.

Game seed: 8907103629217930094

7783 Gauvater the Cleaver (level 11, -12/97 HPs)
             Began as a Ghoul Delver on Jan 9, 2021.
             Was a Believer of Yredelemnul.
             Mangled by an orc high priest
             ... wielding a +0 halberd
              (13 damage)
             ... on level 2 of the Orcish Mines.
             The game lasted 01:38:34 (15849 turns).

Gauvater the Cleaver (Ghoul Delver)                Turns: 15849, Time: 01:38:35

Health: -12/97     AC: -15   Str: 21    XL:     11   Next: 20%
Magic:  12/12      EV: 13    Int:  5    God:    Yredelemnul [**....]
Gold:   698        SH:  8    Dex: 13    Spells: 10/10 levels left

rFire    + . .     SeeInvis .   A - +0 war axe
rCold    + + +     Faith    .   r - +3 buckler
rNeg     + + +     Spirit   .   k - +5 ring mail of Hysteria {rC+ Str+2 Dex+2 Stlth+}
rPois    ∞         Reflect  .   D - +0 hat
rElec    .         Harm     .   w - +0 cloak
rCorr    .         Rampage  .   (no gloves)
Will     .....                  (no boots)
Stlth    ++++......             (no amulet)
HPRegen  0.00/turn              t - ring of protection from fire
MPRegen  0.13/turn              u - ring of protection from cold

@: corroded
A: claws 1, cold resistance 1, negative energy resistance 3, inhibited
regeneration, torment resistance, unbreathing
a: Renounce Religion, Animate Remains, Recall Undead Slaves, Injury Mirror


You were on level 2 of the Orcish Mines.
You worshipped Yredelemnul.
Yredelemnul was pleased with you.
You visited 4 branches of the dungeon, and saw 14 of its levels.

You collected 698 gold pieces.

Inventory:

Hand Weapons
 a - a +0 hand axe
 e - a +2 dagger of speed
 A - a +0 war axe (weapon)
 I - a +0 broad axe
 M - a +0 fustibalus
Missiles
 f - 256 stones
 j - 76 bolts
 E - 8 boomerangs (quivered)
 H - 83 sling bullets
 J - 106 arrows
Armour
 k - the +5 ring mail of Hysteria (worn) {rC+ Str+2 Dex+2 Stlth+}
   (You found it on level 5 of the Dungeon)

   It affects your strength (+2).
   It affects your dexterity (+2).
   It protects you from cold.
   It makes you more stealthy.
 r - a +3 buckler (worn)
 w - a +0 cloak (worn)
 D - a +0 hat (worn)
 G - +2 acid dragon scales
Jewellery
 t - a ring of protection from fire (left claw)
 u - a ring of protection from cold (right claw)
 x - an uncursed ring of wizardry
 y - an uncursed ring of magical power
Wands
 b - a wand of polymorph (4)
 g - a wand of digging (3)
 i - a wand of random effects (20)
 l - a wand of enslavement (6)
Scrolls
 d - 2 scrolls of magic mapping
 n - 5 scrolls of remove curse
 p - 2 scrolls of random uselessness {unknown}
 v - a scroll of amnesia
Potions
 h - 3 potions of curing
 m - a potion of attraction
 o - 2 potions of lignification
 z - 3 potions of flight
 B - a potion of mutation {unknown}
 C - a potion of might {unknown}
 F - a potion of resistance
 K - a potion of magic
 L - 2 potions of brilliance
 N - a potion of haste


   Skills:
 * Level 9.0 Fighting
 + Level 9.1 Axes
 + Level 2.8 Throwing
 * Level 7.3 Armour
 - Level 4.1 Dodging
 - Level 7.4 Stealth
 + Level 3.6 Shields
 * Level 3.2 Invocations


You had 10 spell levels left.
You didn't know any spells.
Your spell library contained the following spells:

 Spells                   Type           Power        Failure   Level
 Corpse Rot               Necr/Air       N/A          78%         2
 Confusing Touch          Hex            0%           95%         3
 Gell's Gravitas          Tloc           0%           95%         3
 Stone Arrow              Conj/Erth      0%           95%         3
 Petrify                  Tmut/Erth      0%           100%        4
 Metabolic Englaciation   Hex/Ice        0%           100%        5
 Summon Forest            Summ/Tloc      0%           100%        5
 Yara's Violent Unravell  Hex/Tmut       0%           100%        5
 Eringya's Noxious Bog    Tmut/Pois      0%           100%        6
 Summon Hydra             Summ           0%           100%        7
 Beastly Appendage        Tmut           Unusable     N/A         1
 Wereblood                Tmut           Unusable     N/A         2
 Spider Form              Tmut/Pois      Unusable     N/A         3
 Ice Form                 Ice/Tmut       Unusable     N/A         4
 Blade Hands              Tmut           Unusable     N/A         5
 Hydra Form               Tmut           Unusable     N/A         6

Dungeon Overview and Level Annotations

Branches:
Dungeon (10/15)            Temple (1/1) D:4            Lair (0/6) D:8
    Orc (2/2) D:10            Elf (1/3) Orc:2

Altars:
Ashenzari
Cheibriados
Dithmenos
Elyvilon
Fedhas
Gozag
Hepliaklqana
Kikubaaqudgha
Makhleb
Nemelex Xobeh
Okawaru
Qazlal
Ru
Sif Muna
Trog
Uskayaw
Vehumet
Wu Jian
Xom
Yredelemnul
Zin
The Shining One

Shops:
Orc:2 [

Annotations:
D:5 Pikel
D:6 Prince Ribbit
D:8 Grum
D:10 Snorg
Elf:1 Kirke


Innate Abilities, Weirdness & Mutations

You thrive by killing the living.
You are immune to poison.
You have sharp fingernails.
Your flesh is cold resistant. (rC+)
You are immune to negative energy. (rN+++)
You do not regenerate when monsters are visible.
You are immune to unholy pain and torment.
You can survive without breathing.


Message History

You hit the soul eater but do no damage.
The rust devil closely misses you.
The orc sorcerer hits you with a +0 dagger.
The rust devil closely misses you. The soul eater hits you!
You block the orc high priest's attack. The orc priest hits you with a +0 club.
Evoke which item? (* to show all) (? for menu, Esc to quit)
Aiming: Polymorph
Press: ? - help, Shift-Dir - straight line, f - orc sorcerer
Aim: an orc sorcerer, wielding a +0 dagger and wearing a +0 robe (almost dead, will become a glowing shapeshifter, a cane toad, or a lindwurm, chance to affect: 28%)
The orc sorcerer evaporates and reforms as a cane toad!
The rust devil hits you! The rust devil corrodes you!
You block the rust devil's attack. The cane toad stings you!
* * * LOW HITPOINT WARNING * * *
The soul eater hits you!!
* * * LOW HITPOINT WARNING * * *
The orc priest hits you with a +0 club.
* * * LOW HITPOINT WARNING * * *
The orc high priest hits you from afar with a +0 halberd!
You die...
Yredelemnul claims you as an undead slave.

..# ##..# ##### ..## ##...#
####.#.## ...### #....##
##..#....# .....## ##.....####
#........# ......# ##.........###
###......# ......###............#
#.........
........#...........####.).......
........#......o44..##...........
..............oo@F..........#....
#.............###3..........#...)
###....∩....### ###........###...
#.............###..^.....#####...
.................................
..........)......................
......##.......o.................
......##..#.........##....<......
.....####.##........####........#


You could see a soul eater (summoned), an orc high priest, 2 rust devils, a cane
toad, an orc priest and an orc.

Vanquished Creatures
  Maggie (D:10)
  Grinder (D:3)
  A troll (Orc:2)
  Sigmund (D:4)
  A hog (Orc:2)
  6 yaks
  2 wyverns
  Eustachio (D:4)
  A steam dragon (D:7)
  A soldier ant (D:6)
  Duvessa (D:5)
  Purgy (D:4)
  2 water moccasins (D:8)
  An ice beast (D:10)
  2 sky beasts
  8 orc warriors
  5 phantoms
  4 ogres
  4 wolves
  2 centaurs (D:8)
  A lemure (D:5)
  Blork the orc (D:5)
  7 bullfrogs
  Dowan (D:5)
  2 scorpions
  7 wights
  A vampire bat (Orc:2)
  3 howler monkeys
  A bullfrog zombie (D:7)
  8 orc priests
  A centaur skeleton (D:8)
  5 hounds
  A jelly (D:7)
  6 orc wizards
  Jessica (D:3)
  A bullfrog skeleton (D:10)
  3 iguanas
  Terence (D:2)
  Ijyb (D:4)
  Natasha (thrice) (D:3)
  6 worker ants
  A killer bee zombie (D:6)
  A mummy (D:8)
  A howler monkey skeleton (D:4)
  3 gnolls (D:3)
  8 adders
  2 white imps
  An ufetubus (D:6)
  An adder zombie (D:6)
  4 worms
  The ghost of grovkorv the Sneak, a weakling GrDe (D:5)
  2 dart slugs
  7 leopard geckos
  28 orcs
  A ball python (D:2)
  9 bats
  9 giant cockroaches
  8 goblins
  4 hobgoblins
  14 jackals
  2 quokkas
  3 frilled lizards
  6 kobolds
  6 rats
229 creatures vanquished.

Vanquished Creatures (collateral kills)
  A warg (Orc:2)
  An orc warrior (Orc:2)
  An ogre (Orc:2)
  An orc wizard (Orc:2)
  3 orcs (Orc:2)
7 creatures vanquished.

Vanquished Creatures (others)
  A warg zombie (Orc:2)
  A hog zombie (Orc:2)
  A leopard gecko (D:10)
  An ogre zombie (Orc:2)
  A hound zombie (D:10)
  7 orc zombies
  A troll zombie (Orc:2)
  6 bushes (D:8)
  3 fungi (D:8)
  24 plants
46 creatures vanquished.

Grand Total: 282 creatures vanquished

Notes
Turn   | Place    | Note
-------+----------+-------------------------------------------
     0 | D:5      | Gauvater the Ghoul Delver began the quest for the Orb.
     0 | D:5      | Reached XP level 1. HP: 19/19 MP: 0/0
   103 | D:5      | Noticed Blork the orc
   143 | D:5      | Got a twisted ring mail
   154 | D:5      | Identified the +5 ring mail of Hysteria {rC+ Str+2 Dex+2
                  | Stlth+} (You found it on level 5 of the Dungeon)
   206 | D:5      | Reached XP level 2. HP: 17/26 MP: 1/1
   360 | D:5      | Noticed Dowan
   413 | D:5      | Noticed grovkorv's ghost (weakling GrDe)
   416 | D:5      | Found a runed translucent door.
   455 | D:5      | Noticed a phantom
   514 | D:5      | Noticed Pikel
   514 | D:5      | Noticed a lemure
   516 | D:5      | Noticed a lemure
   517 | D:5      | Noticed a lemure
   520 | D:5      | Noticed a lemure
   840 | D:2      | Reached XP level 3. HP: 19/31 MP: 2/2
  2240 | D:2      | Reached XP level 4. HP: 38/40 MP: 3/3
  2241 | D:2      | Reached skill level 1 in Armour
  2471 | D:2      | Noticed Terence
  2493 | D:2      | Killed Terence
  2689 | D:2      | Found an iron altar of Okawaru.
  2710 | D:2      | Reached XP level 5. HP: 36/46 MP: 4/4
  2873 | D:3      | Noticed Grinder
  2915 | D:3      | Killed Grinder
  2916 | D:3      | Reached XP level 6. HP: 21/53 MP: 5/5
  3395 | D:3      | Noticed Natasha
  3409 | D:3      | Killed Natasha
  3537 | D:3      | Noticed Jessica
  3565 | D:3      | Killed Jessica
  3787 | D:3      | Noticed Natasha
  3821 | D:3      | Killed Natasha
  3822 | D:3      | Reached XP level 7. HP: 58/60 MP: 6/6
  4037 | D:4      | Found a staircase to the Ecumenical Temple.
  4059 | D:4      | Noticed Ijyb
  4068 | D:4      | Killed Ijyb
  4148 | D:4      | Found a basalt altar of Yredelemnul.
  4150 | D:4      | Noticed a profane servitor
  4210 | D:4      | Noticed Eustachio
  4270 | D:4      | Noticed Purgy
  4292 | Temple   | Entered the Ecumenical Temple
  4841 | D:5      | Reached skill level 5 in Fighting
  4841 | D:5      | Reached skill level 1 in Throwing
  5037 | D:5      | Noticed Duvessa
  5044 | D:5      | Found an ornate altar of the Wu Jian Council.
  5106 | D:5      | Killed grovkorv's ghost
  5563 | D:6      | Reached XP level 8. HP: 38/68 MP: 7/7
  5706 | D:6      | Found a sparkling altar of Nemelex Xobeh.
  5755 | D:6      | Noticed Prince Ribbit
  6227 | D:5      | Found a stormy altar of Qazlal.
  6501 | D:6      | Found an ancient bone altar of Kikubaaqudgha.
  6549 | D:6      | Noticed an air elemental
  6567 | D:6      | Found a stormy altar of Qazlal.
  6570 | D:6      | Noticed a water elemental
  6611 | D:6      | Reached skill level 5 in Axes
  6748 | D:6      | Found a blossoming altar of Fedhas.
  7034 | D:7      | Noticed a +0 dagger
  7035 | D:7      | Found a hide-covered altar of Uskayaw.
  7035 | D:7      | Noticed a +0 dagger
  7060 | D:7      | Reached skill level 1 in Shields
  7101 | D:7      | Found a stormy altar of Qazlal.
  7401 | D:7      | Reached skill level 5 in Armour
  7401 | D:7      | Reached XP level 9. HP: 58/75 MP: 8/8
  7736 | D:7      | Found a shimmering altar of Xom.
  8034 | D:8      | Found a staircase to the Lair.
  8562 | D:9      | Noticed a troll
  8604 | D:8      | Noticed a two-headed ogre
  9050 | D:8      | Found a snail-covered altar of Cheibriados.
  9051 | D:8      | Noticed Grum
  9647 | D:9      | Reached XP level 10. HP: 68/86 MP: 9/9
 10998 | D:5      | Found a shimmering blue altar of Sif Muna.
 11036 | D:5      | Killed Duvessa
 11040 | D:5      | Killed Dowan
 11161 | D:5      | Killed Blork the orc
 11195 | D:4      | Killed Eustachio
 11277 | D:4      | Found a glowing golden altar of the Shining One.
 11279 | D:4      | Noticed an angel
 11308 | D:4      | Became a worshipper of Yredelemnul the Dark
 11355 | D:4      | Noticed Sigmund
 11371 | D:4      | Killed Sigmund
 11385 | D:4      | Killed Purgy
 11721 | D:3      | Noticed Natasha
 11731 | D:3      | Killed Natasha
 12048 | D:4      | Reached skill level 1 in Invocations
 12779 | D:10     | Entered Level 10 of the Dungeon
 13045 | D:10     | Reached * piety under Yredelemnul
 13117 | D:10     | Noticed Maggie
 13134 | D:10     | Killed Maggie
 13237 | D:10     | Noticed Snorg
 13752 | D:10     | Noticed a sea snake
 13765 | D:10     | Found a staircase to the Orcish Mines.
 13842 | D:10     | HP: 2/90 [something (4)]
 13850 | Orc:1    | Entered Level 1 of the Orcish Mines
 14276 | Orc:2    | Entered Level 2 of the Orcish Mines
 14276 | Orc:2    | Found a staircase to the Elven Halls.
 14346 | Orc:2    | Reached XP level 11. HP: 64/95 MP: 11/11
 14474 | Orc:2    | Found Laapes's Antique Armour Shop.
 14956 | Orc:2    | Reached ** piety under Yredelemnul
 15286 | Orc:2    | Noticed an orc knight
 15297 | Orc:2    | Noticed an orc high priest
 15551 | Orc:2    | Noticed an orc sorcerer
 15617 | Elf:1    | Entered Level 1 of the Elven Halls
 15617 | Elf:1    | Noticed Kirke
 15617 | Elf:1    | Noticed a deep elf mage
 15617 | Elf:1    | Noticed a +2 halberd of venom
 15617 | Elf:1    | Noticed a deep elf mage
 15845 | Orc:2    | Noticed a soul eater
 15849 | Orc:2    | an orc sorcerer changed into a cane toad
 15849 | Orc:2    | HP: 2/97 [soul eater[an orc sorcerer] (24)]
 15849 | Orc:2    | Mangled by an orc high priest

Illustrated notes

Levels and vault maps discovered:
D:1:      heliophobic_arrival_dark_side_of_the_moon, layout_loops_corners
D:2:      layout_basic, okawaru_metal_pillars_3, minmay_domino_2, uniq_terence
D:3:      layout_basic, serial_bayou_lake_a, uniq_grinder, uniq_jessica,
          uniq_natasha
D:4:      layout_loops_cross, grunt_temple_overflow_holy_war,
          minmay_temple_entry_ruins, uniq_sigmund, uniq_eustachio, uniq_purgy,
          uniq_ijyb
D:5:      lemuel_upstairs_altar, layout_basic, kennysheep_mini,
          lemuel_doored_altar, hellmonk_ghost_happy_afterlife,
          chequers_serial_rivers_small_a, uniq_duvessa, uniq_pikel,
          uniq_blork_the_orc
D:6:      layout_basic, kiku_gazebo_pond_becter, fedhas_altar_4,
          nicolae_overflow_crystal_walls, serial_shops,
          nicolae_shop_behind_doors, nicolae_qazlal_style_of_elements,
          uniq_prince_ribbit1
D:7:      layout_loops_ring, dancing_weapons_uskayaw, general_overflow_altar,
          marbit_many_paths, minmay_stone_trees_small
D:8:      layout_gridville, slow_altar_1, minmay_lair_entry_grove,
          minmay_misc_feat_hallway, uniq_psyche, uniq_grum
D:9:      layout_basic
D:10:     layout_loops_ring, orc_0_dummy, serial_aquarium,
          aquarium_bridge_square [aquarium_subvault_bridge,
          aquarium_subvault_window, aquarium_subvault_bridge,
          aquarium_subvault_wall], aquarium_bridge_square
          [aquarium_subvault_bridge, aquarium_subvault_wall,
          aquarium_subvault_balcony, aquarium_subvault_window],
          aquarium_window_fake, aquarium_window_2, aquarium_window_corridor_1,
          aquarium_view_2d, aquarium_view_2b, aquarium_balcony_3b,
          aquarium_pool_double, uniq_maggie, uniq_snorg
Temple:   zaba_magenta_temple
Orc:1:    layout_caves, basic_altar, serial_shops, shop, minmay_orc_temple_a
Orc:2:    st_orc_congregation, layout_diamond_mine, serial_shops,
          nicolae_shop_statue_plus, gauntlet_entry_generic,
          nicolae_orc_pool_cavern, roderic_batcave
Elf:1:    layout_rooms, gammafunk_ghost_berserking_beasts, minmay_elf_sorcery,
          st_stairs_11, lemuel_flamethrower_1, uniq_kirke, uniq_frances

Skill      XL: |  1  2  3  4  5  6  7  8  9 10 11 |
---------------+----------------------------------+-----
Dodging        | 2 3 4 |  4.1
Stealth        | 6 7 |  7.4
Axes           | 2 3 4 5 7 8 9 |  9.1
Armour         | 1 2 3 5 6 7 |  7.3
Fighting       | 4 5 6 7 8 9 |  9.0
Throwing       | 1 2 |  2.8
Shields        | 1 2 3 |  3.6
Invocations    | 2 3 |  3.2

Action                   |  1- 3 |  4- 6 |  7- 9 | 10-12 || total
-------------------------+-------+-------+-------+-------++-------
Melee: Hand axe          |   120 |   177 |       |       ||   297
       War axe           |       |       |   514 |   427 ||   941
 Fire: Fustibalus        |       |       |     2 |       ||     2
Throw: Stone             |       |     9 |    50 |       ||    59
       Boomerang         |       |       |    24 |    32 ||    56
       Throwing net      |       |       |     1 |       ||     1
Invok: Animate Remains   |       |       |       |    12 ||    12
Evoke: Wand              |       |       |       |     1 ||     1
  Use: Potion            |     1 |     3 |     5 |     4 ||    13
       Scroll            |       |     8 |     9 |    11 ||    28
 Stab: Sleeping          |    14 |     6 |    17 |     8 ||    45
       Distracted        |       |     1 |       |       ||     1
       Held in net/web   |       |       |     1 |       ||     1
       Invisible         |       |       |       |     2 ||     2
Armor: Ring mail         |    55 |    84 |   238 |   152 ||   529
Dodge: Dodged            |    75 |   102 |   296 |   235 ||   708
Block: Buckler           |       |       |   172 |   172 ||   344
